 Dungeon Crawl Stone Soup version 0.32-a0-868-g153ae1a8d6 (webtiles) character file.

Game seed: 1123843087736614686

18256454 gameguard the Conqueror (level 27, 273/273 HPs)
             Began as a Demonspawn Fighter on Mar 27, 2024.
             Was the Champion of Cheibriados.
             Escaped with the Orb
             ... and 15 runes
             ... and 1 gem on Mar 29, 2024!
             The game lasted 04:42:40 (84933 turns).

gameguard the Conqueror (Demonspawn Fighter)       Turns: 84933, Time: 04:42:40

Health: 273/273    AC: 44    Str: 40    XL:     27
Magic:  40/40      EV: 47    Int: 38    God:    Cheibriados [******]
Gold:   8021       SH: 24    Dex: 36    Spells: 36/53 levels left

rFire   + + .        b - +2 Maxwell's thermic engine {flame, freeze, rev}
rCold   + + +        A - +2 shield of Resistance {rF++ rC++ Will++}
rNeg    + + +        O - +10 storm dragon scales
rPois   ∞            X - +2 hat {Will+}
rElec   +            H - +1 cloak of Starlight {*Dazzle EV+4 Stlth--}
rCorr   +            I - +3 pair of gauntlets of War {Slay+5}
SInv    +            (boots unavailable)
Will    +++++        F - amulet "Muetzyotty" {Faith Regen+ Int+3 SInv} Stlth
                     z - ring "Noenag" {rCorr Str+6 Int+3}
HPRegen 1.45/turn    W - +5 ring of evasion
MPRegen 0.54/turn

%: guardian spirit, faith
@: death-form, studying 4 skills, very slow
A: vile attack, torment immunity, no potions, hooves 3, ignite blood 3, magic
shield, magic regeneration, magic link, sharp scales 3, corrupting presence 2,
word of chaos, agile 1, poison resistance, robust 1
0: Orb of Zot
}: 15/15 runes: decaying, slimy, silver, golden, iron, obsidian, icy, bone,
abyssal, demonic, glowing, magical, fiery, dark, gossamer
a: Word of Chaos, Siphon Essence, Begin Untransformation, Renounce Religion,
Bend Time, Temporal Distortion, Slouch, Step From Time


You escaped.
You worshipped Cheibriados.
Cheibriados was exalted by your worship.
You were an undying horror.
You visited 18 branches of the dungeon, and saw 88 of its levels.
You visited Pandemonium 1 time, and saw 24 of its levels.
You visited the Abyss 1 time.
You also visited: Sewer, Ossuary, Ice Cave, Wizlab and Desolation.

You collected 13682 gold pieces.
You spent 5661 gold pieces at shops.

Inventory:

Hand Weapons
 a - the +11 Singing Sword {sonic wave}
   (You found it on level 9 of the Dungeon)
 b - the +2 Maxwell's thermic engine (weapon) {flame, freeze, rev}
   (You found it on level 3 of the Elven Halls)
Missiles
 g - 8 curare-tipped darts (quivered)
 L - a throwing net {!f}
Armour
 A - the +2 shield of Resistance (worn) {rF++ rC++ Will++}
   (You took it off a servant of whispers in the Desolation of Salt)

   rF++:      It greatly protects you from fire.
   rC++:      It greatly protects you from cold.
   Will++:    It greatly increases your willpower.
 H - the +1 cloak of Starlight (worn) {*Dazzle EV+4 Stlth--}
   (You found it on level 3 of the Tomb of the Ancients)

   *Dazzle:   It may blind those who miss an attack against the wearer in melee
   combat.
   EV+4:      It affects your evasion (+4).
   Stlth--:   It makes you much less stealthy.
 I - the +3 pair of gauntlets of War (worn) {Slay+5}
   (You found it on level 5 of the Pits of Slime)

   Slay+5:    It affects your accuracy & damage with ranged weapons and melee
   (+5).
 O - +10 storm dragon scales (worn)
 Q - a scarf of repulsion
 T - the +0 pair of gloves "Obrucwou" {rF+ rN++ MP-9 Stlth+}
   (You found it on level 4 of the Spider Nest)

   rF+:       It protects you from fire.
   rN++:      It greatly protects you from negative energy.
   MP-9:      It affects your magic capacity (-9).
   Stlth+:    It makes you more stealthy.
 X - a +2 hat of willpower (worn)
Jewellery
 f - the ring of the Gazing Scavenger {Fly rC+ Str+2}
   (You took it off an imperial myrmidon in the Desolation of Salt)

   [ring of flight]

   Str+2:     It affects your strength (+2).
   rC+:       It protects you from cold.
   Fly:       It grants you flight.
 z - the ring "Noenag" (left hand) {rCorr Str+6 Int+3}
   (You bought it in a shop on level 2 of the Depths)

   [ring of strength]

   Str+6:     It affects your strength (+6).
   Int+3:     It affects your intelligence (+3).
   rCorr:     It protects you from acid and corrosion.
 F - the amulet "Muetzyotty" (around neck) {Faith Regen+ Int+3 SInv}
   (You found it on level 3 of the Tomb of the Ancients)

   [amulet of faith]

   Faith:     It allows you to gain divine favour quickly.
   Int+3:     It affects your intelligence (+3).
   SInv:      It lets you see invisible.
   Regen+:    It increases your rate of health regeneration.
 W - a +5 ring of evasion (right hand)
 Z - the ring of the Mage {Wiz Archmagi}
   (You bought it in a shop on level 5 of the Vaults)

   [ring of wizardry]

   Wiz:       It improves your spell success rate.
   Archmagi:  It increases the power of your magical spells.
Talismans
 l - the death talisman "Woreniuv" (active) {rC+ Int+3 Slay+5}
   (You found it on level 3 of the Depths)

   [talisman of death]

   Int+3:     It affects your intelligence (+3).
   Slay+5:    It affects your accuracy & damage with ranged weapons and melee
   (+5).
   rC+:       It protects you from cold.
Wands
 j - a wand of mindburst (55)
 C - a wand of warping (77)
 E - a wand of digging (18)
 K - a wand of light (14)
 P - a wand of polymorph (67)
 Y - a wand of charming (107)
Scrolls
 h - 14 scrolls of fear
 p - 13 scrolls of immolation
 t - 6 scrolls of blinking
 u - 4 scrolls of vulnerability
 w - 10 scrolls of fog
 x - 6 scrolls of butterflies
 G - 12 scrolls of amnesia
 J - 5 scrolls of silence
 M - 21 scrolls of teleportation
 R - a scroll of torment
 V - a scroll of revelation
Potions
 d - 2 potions of might
 e - 9 potions of berserk rage
 k - 5 potions of mutation
 m - 14 potions of lignification
 n - 6 potions of magic
 o - 11 potions of brilliance
 r - 17 potions of curing
 s - 16 potions of attraction
 B - 5 potions of heal wounds
 N - a potion of cancellation
 S - 5 potions of resistance
 U - 7 potions of enlightenment
Miscellaneous
 c - a Gell's gravitambourine (2/2)
 i - a box of beasts
 q - a figurine of a ziggurat
 v - the horn of Geryon (inert)
 y - a lightning rod (4/4)
 D - a phantom mirror


   Skills:
 O Level 27 Fighting
 - Level 16.0 Long Blades
 - Level 10.1 Axes
 + Level 24.8 Armour
 + Level 24.1 Dodging
 + Level 25.4 Shields
 - Level 13.5 Spellcasting
 - Level 11.0 Translocations
 - Level 6.0 Air Magic
 - Level 16.0 Invocations
 - Level 16.0 Evocations
 - Level 23.0 Shapeshifting


You had 36 spell levels left.
You knew the following spells:

 Your Spells              Type           Power      Damage    Failure   Level
a - Vhi's Electric Charg  Tloc/Air       100%       N/A       1%          4
b - Passage of Golubria   Tloc           83%        N/A       1%          4
h - Maxwell's Portable P  Tloc           83%        2d(17-34) 1%          4
l - Blink                 Tloc           100%       N/A       1%          2
q - Apportation           Tloc           100%       N/A       1%          1
z - Lesser Beckoning      Tloc           100%       N/A       1%          2

Your spell library contained the following spells:

 Spells                   Type           Power      Damage    Failure   Level
 Shock                    Conj/Air       100%       1d9       1%          1
 Cigotuvi's Dreadful Rot  Necr/Alch/Air  82%        N/A       1%          2
 Mercury Vapours          Alch/Air       96%        N/A       1%          2
 Momentum Strike          Conj/Tloc      100%       3d10      1%          2
 Static Discharge         Conj/Air       96%        3-7/arc   1%          2
 Swiftness                Air            64%        N/A       1%          3
 Teleport Other           Tloc           83%        N/A       1%          3
 Volatile Blastmotes      Fire/Tloc      100%       2d18      1%          3
 Foxfire                  Conj/Fire      100%       2x1d9     2%          1
 Freeze                   Ice            100%       1d10      2%          1
 Magic Dart               Conj           100%       1d8       2%          1
 Necrotise                Necr           100%       1d9       2%          1
 Sandblast                Erth           50%        2d12      2%          1
 Slow                     Hex            100%       N/A       2%          1
 Sting                    Conj/Alch      100%       1d9       2%          1
 Summon Small Mammal      Summ           100%       N/A       2%          1
 Airstrike                Air            32%        2d(5-21)  2%          4
 Dimensional Bullseye     Hex/Tloc       30%        N/A       2%          4
 Iskenderun's Mystic Bla  Conj/Tloc      61%        2d13      (+2d72%     4
 Mephitic Cloud           Conj/Alch/Air  41%        N/A       3%          3
 Call Imp                 Summ           50%        N/A       4%          2
 Ensorcelled Hibernation  Hex/Ice        50%        N/A       4%          2
 Jinxbite                 Hex            50%        N/A       4%          2
 Scorch                   Fire           50%        2d7       4%          2
 Searing Ray              Conj           50%        2d6       4%          2
 Sublimation of Blood     Necr           25%        N/A       4%          2
 Call Canine Familiar     Summ           25%        N/A       8%          3
 Confusing Touch          Hex            25%        N/A       8%          3
 Dazzling Flash           Conj/Hex       50%        N/A       8%          3
 Frozen Ramparts          Ice            50%        1d8       8%          3
 Fugue of the Fallen      Necr           25%        N/A       8%          3
 Hailstorm                Conj/Ice       25%        3d7       8%          3
 Inner Flame              Hex/Fire       25%        N/A       8%          3
 Ozocubu's Armour         Ice            25%        N/A       8%          3
 Passwall                 Erth           25%        N/A       8%          3
 Sigil of Binding         Hex            25%        N/A       8%          3
 Stone Arrow              Conj/Erth      50%        3d10      8%          3
 Summon Ice Beast         Ice/Summ       25%        N/A       8%          3
 Tukima's Dance           Hex            25%        N/A       8%          3
 Vampiric Draining        Necr           25%        2d7       8%          3
 Summon Lightning Spire   Summ/Air       48%        N/A       8%          4
 Manifold Assault         Tloc           41%        N/A       24%         7
 Anguish                  Hex/Necr       12%        N/A       26%         4
 Animate Armour           Summ/Erth      50%        N/A       26%         4
 Animate Dead             Necr           25%        N/A       26%         4
 Dispel Undead            Necr           25%        3d12      26%         4
 Flame Wave               Conj/Fire      25%        2d8       26%         4
 Fulminant Prism          Conj/Alch      12%        3d8       26%         4
 Ignite Poison            Fire/Alch      25%        N/A       26%         4
 Leda's Liquefaction      Alch/Erth      12%        N/A       26%         4
 Martyr's Knell           Necr/Summ      25%        N/A       26%         4
 Olgreb's Toxic Radiance  Alch           25%        N/A       26%         4
 Petrify                  Alch/Erth      25%        N/A       26%         4
 Sticky Flame             Fire/Alch      25%        2d6       26%         4
 Summon Blazeheart Golem  Fire/Summ      25%        N/A       26%         4
 Freezing Cloud           Conj/Ice/Air   20%        6-21      32%         5
 Alistair's Intoxication  Alch           16%        N/A       58%         5
 Borgnjor's Vile Clutch   Necr/Erth      12%        N/A       58%         5
 Curse of Agony           Necr           25%        N/A       58%         5
 Irradiate                Conj/Alch      12%        3d15      58%         5
 Iskenderun's Battlesphe  Conj           25%        2d8       58%         5
 Lee's Rapid Deconstruct  Erth           12%        3d9*      58%         5
 Metabolic Englaciation   Hex/Ice        12%        N/A       58%         5
 Summon Mana Viper        Hex/Summ       25%        N/A       58%         5
 Yara's Violent Unravell  Hex/Alch       12%        3d7       58%         5
 Plasma Beam              Fire/Air       24%        2x1d36    75%         6
 Bombard                  Conj/Erth      12%        9d3       99%         6
 Death Channel            Necr           12%        N/A       99%         6
 Eringya's Noxious Bog    Alch           12%        4d6       99%         6
 Permafrost Eruption      Ice/Erth       12%        2x4d5     99%         6
 Sculpt Simulacrum        Ice/Alch       12%        N/A       99%         6
 Starburst                Conj/Fire      12%        6d5       99%         6
 Enfeeble                 Hex            12%        N/A       100%        7
 Monstrous Menagerie      Summ           12%        N/A       100%        7
 Ozocubu's Refrigeration  Ice            12%        4d10      100%        7
 Summon Hydra             Summ           12%        N/A       100%        7
 Discord                  Hex            12%        N/A       100%        8
 Ignition                 Fire           12%        3d6       100%        8
 Infestation              Necr           12%        N/A       100%        8
 Lehudib's Crystal Spear  Conj/Erth      12%        10d4      100%        8
 Maxwell's Capacitive Co  Air            32%        ∞         100%        8
 Chain Lightning          Conj/Air       24%        3d32      100%        9
 Fire Storm               Conj/Fire      12%        8d3       100%        9
 Polar Vortex             Ice            12%        12d1*     100%        9
 Shatter                  Erth           12%        3d13*     100%        9


Dungeon Overview and Level Annotations

Branches:
Dungeon (15/15)            Temple (1/1) D:4            Lair (5/5) D:8
  Swamp (4/4) Lair:2       Spider (4/4) Lair:3        Slime (5/5) Lair:4
    Orc (2/2) D:9             Elf (3/3) Orc:2        Vaults (5/5) D:14
  Crypt (3/3) Vaults:3       Tomb (3/3) Crypt:3      Depths (4/4) D:15
   Hell (visited)             Dis (7/7) Hell            Geh (7/7) Hell
    Coc (7/7) Hell            Tar (7/7) Hell            Zot (5/5) Depths:4
  Sewer (visited)         Ossuary (visited)           IceCv (visited)
 WizLab (visited)         Desolation (visited)

Altars:
Ashenzari
Cheibriados
Dithmenos
Fedhas
Gozag
Hepliaklqana
Kikubaaqudgha
Makhleb
Nemelex Xobeh
Okawaru
Qazlal
Ru
Sif Muna
Trog
Uskayaw
Vehumet
Wu Jian
Xom
Yredelemnul
Ignis
Jiyva

Shops:
D:1 [   D:3 *   D:7 *(   D:8 =   D:10 [   D:14 (**=?   Orc:2 *:!(   Elf:1 :
Elf:2 =   Vaults:5 =   Depths:2 =   Depths:3 ?

Portals:
Hell: Depths:1 Depths:2 Depths:3 Depths:4
Abyss: Depths:3
Pandemonium: Orc:2 Depths:1 Depths:2
Ziggurat: Depths:1


Innate Abilities, Weirdness & Mutations

You are an undying horror.
Your melee and unarmed attacks drain, slow and weaken victims.
You are immune to unholy pain and torment.
You cannot drink.
You have hooves in place of feet.
Your demonic aura causes all spilled blood to erupt in flames.
When hurt, damage is shared between your health and your magic reserves.
You regenerate magic rapidly.
When low on magic, you restore magic in place of health.
You are completely covered in razor-sharp scales. (AC +3, Slay +3)
Your presence sometimes corrodes or deforms those you injure.
You can speak a Word of Chaos.
You are agile. (Dex +4, Str/Int -1)
Your system is resistant to poisons. (rPois)
You are robust. (+10% HP)


Message History

No target in view!
An Orb Guardian comes into view.
You block the Orb Guardian's attack. x3
You slice the Orb Guardian!!
The Orb Guardian decays.
You burn the Orb Guardian! You freeze the Orb Guardian.
You kick the Orb Guardian, but do no damage.
The Orb Guardian is heavily wounded.
You block the Orb Guardian's attack.
You slice the Orb Guardian like a ripe choko!!!
You burn the Orb Guardian!!
You kill the Orb Guardian!
Cheibriados appreciates the change of pace.
No target in view!
No target in view!
There is an open door here.
A hell beast comes into view.
You block the hell beast's attack. x2
A demonspawn blood saint and a blizzard demon come into view.
There is a stone staircase leading up here.
The blizzard demon shouts!
You block the hell beast's attack. x2
You climb upwards.
There is a stone staircase leading down here.
You slice the hell beast!!
The hell beast decays.
You burn the hell beast!
The hell beast twists and deforms.
You freeze the hell beast.
Your corrupting presence corrodes the hell beast!
The hell beast is heavily wounded.
You block the hell beast's attack. x2
You slash the hell beast!
The hell beast decays.
You burn the hell beast. You freeze the hell beast.
The hell beast seems to be corroded for longer.
You kick the hell beast!!
You kill the hell beast!
Cheibriados appreciates the change of pace.
No target in view!
No target in view!
You're already here!
There is an open door here.
There is a staircase leading out of the dungeon here.
You have escaped!

.# #.# ##...#..........# .##
#.# ########.....###..# ..###.#
#.....ß#♣♣....###.#
#...#÷####..♣♣♣# #♣.......#
###.#..###.#######♣♣......# ###
#
#..#..##.'...#.##♣.####.#####..
#
##.##..#.'.♣.'..#♣.####.....#..
#
#.......'...##'##...######.#..
#
####.##.#####z.'..#...........
# #.##.PPP##.)#############.. #
####..⌠P##### #.. # #.PPP# #..
# ###### ### # # #


There were no monsters in sight!

Vanquished Creatures
  Antaeus (Coc:7)
  Asmodeus (Geh:7)
  Mnoleg (Pan)
  the Royal Jelly (Slime:5)
  Ereshkigal (Tar:7)
  Dissolution (Slime:2)
  Gloorx Vloq (Pan)
  the Serpent of Hell (Geh:7)
  Lom Lobon (Pan)
  7 dread liches
  Dispater (Dis:7)
  9 orbs of fire
  9 ancient liches
  Mennas (Pan)
  3 juggernauts
  A juggernaut (shapeshifter) (Zot:2)
  Mara (Depths:2)
  Sojobo (Depths:1)
  9 pandemonium lords
  Boris (twice) (Depths:2 Tomb:3)
  29 royal mummies
  Josephina (Depths:2)
  4 Killer Klowns (Zot:5)
  6 caustic shrikes
  3 curse toes
  Geryon (Hell)
  A golden dragon (shapeshifter) (Zot:2)
  5 profane servitors
  A caustic shrike (shapeshifter) (Zot:2)
  5 golden dragons
  Nikola (Spider:2)
  A pearl dragon (Pan)
  32 bone dragons
  the Enchantress (Depths:1)
  15 doom hounds
  11 Tzitzimimeh
  6 electric golems
  A Cloud Mage (WizLab)
  17 Brimstone Fiends
  15 iron giants
  20 tentacled monstrosities
  14 hellephants
  8 liches
  Zenata (Elf:1)
  24 Orb Guardians
  13 tainted leviathans
  17 Ice Fiends
  21 Hell Sentinels
  2 deep elf master archers (Elf:3)
  Grunn (Depths:2)
  Asterion (Depths:1)
  21 titans
  2 deep elf blademasters
  13 quicksilver dragons
  25 Executioners (Pan)
  20 searing wretches
  6 death cobs
  11 sphinxes
  13 tentacled starspawn (Abyss:4)
  11 acid blobs
  An eldritch tentacle (Pan)
  21 ancient champions
  3 thorn hunters
  9 shadow dragons
  A shadow dragon (shapeshifter) (Zot:2)
  Roxanne (Swamp:2)
  9 tengu reavers
  Gastronok (Lair:2)
  8 protean progenitors
  8 demonspawn warmongers (Pan)
  10 storm dragons
  Aizul (Vaults:2)
  5 draconian knights
  8 rockslimes
  7 daevas (Pan)
  3 draconian monks
  26 azure jellies
  A rockslime (shapeshifter) (Zot:2)
  21 vault wardens
  4 revenants
  A spectral juggernaut (Tar:2)
  14 frost giants
  10 iron dragons
  26 narguns
  4 draconian shifters
  9 fire giants
  5 deep elf sorcerers (Elf:3)
  6 quicksilver elementals
  6 ghost moths
  2 deep elf elementalists (Elf:3)
  6 imperial myrmidons (Desolation)
  A draconian scorcher (Zot:3)
  2 fenstrider witches (Pan)
  45 balrugs
  5 curse skulls
  7 angels
  35 cacodemons
  5 shard shrike simulacra
  23 ironbound preservers
  4 draconian stormcallers
  28 reapers
  11 draconian annihilators
  12 demonspawn blood saints (Pan)
  2 ghouls (Crypt:2)
  4 ironbound thunderhulks (Vaults:2)
  4 spriggan defenders
  7 juggernaut skeletons
  14 quicksilver oozes
  3 broodmothers
  4 caustic shrike skeletons (Pan)
  3 ophanim (Pan)
  9 stone giants
  9 demonspawn corrupters (Pan)
  2 formless jellyfish
  47 very ugly things
  5 vampire knights
  9 putrid mouths
  21 elemental wellsprings
  A very ugly thing (shapeshifter) (Zot:2)
  12 bennus
  14 apis (Pan)
  10 deep elf annihilators
  9 deep elf death magi
  5 deep elf demonologists
  12 green draconians
  Nessos (Orc:2)
  10 demonspawn black suns (Pan)
  9 purple draconians
  20 red draconians
  10 white draconians
  A halazid warlock (Desolation)
  3 eleionomae (Swamp:1)
  6 bunyips
  9 black draconians
  12 lorocyprocas
  18 war gargoyles
  4 spark wasps
  8 wendigos
  12 yellow draconians
  10 dire elephants
  10 mummy priests
  8 ettins
  24 blizzard demons
  12 iron golems
  13 green deaths (Pan)
  16 yaktaur captains
  2 merfolk javelineers
  12 eidola
  6 crystal guardians
  4 ragged hierophants
  3 jiangshi
  A spectral iron giant (Tar:4)
  18 great orbs of eyes
  2 merfolk impalers
  9 entropy weavers
  11 fire dragons
  6 deep elf high priests
  2 kraken zombies (Hell)
  2 spectral spriggans
  9 ice dragons
  8 spriggan air magi
  7 rakshasas
  38 vault guards
  3 spriggan zombies
  7 hell beasts
  2 catoblepae (D:15)
  9 caustic shrike simulacra
  Fannar (D:12)
  9 juggernaut simulacra
  5 salamander tyrants
  2 demonspawn (Orc:2)
  A quicksilver dragon skeleton (Tomb:3)
  25 hydras
  3 stokers
  3 ogre magi
  10 servants of whispers (Desolation)
  2 jorogumos (Pan)
  13 peacekeepers
  11 alligators
  13 centaur warriors
  10 ghost crabs
  11 ironbound frosthearts
  5 radroaches
  9 death knights
  A sphinx skeleton (Vaults:2)
  A spriggan skeleton (Crypt:1)
  38 dancing weapons
  7 deep troll shamans
  12 demonic crawlers
  15 two-headed ogres
  A death yak (D:8)
  19 boulder beetles
  2 spectral nagas
  60 death scarabs
  A two-headed ogre (shapeshifter) (Vaults:4)
  3 titan zombies
  36 hell hogs
  7 deep troll earth magi
  3 occultists
  8 orc high priests (Orc:2)
  3 spectral emperor scorpions (Pan)
  9 spriggan berserkers
  2 vampire magi
  7 tengu warriors
  8 crystal echidnas
  A spectral orc (Tar:1)
  2 quicksilver ooze zombies
  7 thrashing horrors (Abyss:4)
  15 hell knights
  3 shock serpents (Pan)
  Urug (Orc:2)
  13 deep elf knights
  2 spectral dire elephants
  A storm dragon zombie (Crypt:1)
  69 sun demons
  A hellephant skeleton (Pan)
  11 wretched stars (Abyss:4)
  15 iron trolls
  2 titan skeletons
  20 shadow wraiths
  39 soul eaters
  5 skysharks
  28 sixfirhies
  3 sea snakes (Zot:1)
  A storm dragon skeleton (Vaults:2)
  60 deep trolls
  2 cherubim (Pan)
  6 pharaoh ants
  30 skeletal warriors
  A spectral anaconda (Tar:1)
  11 flayed ghosts
  7 goliath frogs
  2 spatial maelstroms (Abyss:4)
  2 anaconda zombies (Hell)
  4 mana vipers
  6 orb spiders
  58 large abominations
  9 glowing orange brains
  10 bog bodies
  A sea snake (shapeshifter) (Vaults:4)
  5 sun moths (Pan)
  A golden dragon zombie (Depths:2)
  3 quicksilver dragon simulacra
  A tengu zombie (Depths:3)
  2 orange crystal statues
  4 death drakes (WizLab)
  19 ironbound convokers
  6 arcanists
  6 spriggan druids
  A sun moth (shapeshifter) (Depths:3)
  An anaconda skeleton (Tomb:2)
  8 deep elf archers
  3 golden dragon skeletons
  An obsidian bat (Orc:2)
  24 shadow demons
  21 lindwurms
  8 phantasmal warriors
  17 necromancers
  10 swamp dragons
  5 thermic dynamos
  3 orc knights (Orc:2)
  12 steelbarb worms
  29 deep elf pyromancers
  A fenstrider witch simulacrum (Crypt:1)
  43 ugly things
  27 deep elf zephyrmancers
  6 orc sorcerers
  A sphinx simulacrum (Depths:2)
  4 shining eyes
  A jorogumo zombie (Crypt:2)
  8 wolf spiders
  6 lightning spires (Abyss:4)
  2 worldbinders (Abyss:4)
  3 spectral ettins
  8 cyclopes
  5 will-o-the-wisps
  3 manticores
  A shining eye (shapeshifter) (Vaults:5)
  A meliai (shapeshifter) (D:15)
  2 spectral centaurs
  A frost giant skeleton (Depths:2)
  3 apocalypse crabs
  An iron dragon skeleton (Depths:2)
  2 spectral alligator snapping turtles (Tar:3)
  4 kobold blastminers
  9 rust devils
  7 ice statues
  17 vault sentinels
  9 molten gargoyles
  19 eyes of devastation
  3 guardian serpents (Desolation)
  14 meliai
  3 titan simulacra
  A centaur zombie (Crypt:3)
  27 moths of wrath
  9 elephants
  A fire giant skeleton (Depths:2)
  2 black mambas (Lair:5)
  7 cane toads
  51 smoke demons
  2 gargoyles
  35 orange demons
  5 torpor snails
  A dire elephant skeleton (Tomb:2)
  2 kobold demonologists
  An unseen horror (Abyss:3)
  2 centaur skeletons
  A storm dragon simulacrum (Depths:2)
  17 hellions
  13 komodo dragons
  Psyche (D:9)
  A spark wasp simulacrum (Depths:3)
  34 tormentors
  21 freezing wraiths
  34 yaktaurs
  45 guardian mummies
  2 tengu conjurers (Depths:3)
  9 anaconda simulacra
  11 efreet
  8 ice devils
  An alligator snapping turtle skeleton (Crypt:1)
  2 hydra zombies
  3 iron giant simulacra
  2 silent spectres
  5 spectral harpies
  4 red devils
  18 hellwings
  12 ancient zymes (Abyss:4)
  6 trolls
  7 tyrant leeches
  3 polar bears (Lair:3)
  22 tarantellas
  23 raiju
  3 harpy skeletons
  5 wind drakes
  14 hornets
  2 glass eyes
  33 blink frogs
  A meliai zombie (Crypt:1)
  A hydra skeleton (Hell)
  76 saltlings
  An ice dragon zombie (Tomb:1)
  4 stone giant simulacra
  12 dream sheep
  A fire dragon zombie (Crypt:3)
  A vampire (D:12)
  2 shadows
  2 centaur simulacra
  24 jumping spiders
  3 naga simulacra
  62 slime creatures
  A spriggan (shapeshifter) (Vaults:5)
  22 water elementals
  15 air elementals (WizLab)
  An ettin skeleton (Crypt:3)
  7 wraiths
  6 wyverns
  36 ynoxinuls
  15 spriggans
  11 culicivoras
  9 dire elephant simulacra
  A hog (shapeshifter) (Abyss:4)
  11 ushabtiu
  7 basilisks
  22 yaks
  3 sea snake simulacra (Hell)
  A warg (Orc:1)
  28 fire elementals
  3 fire bats (Pan)
  11 golden eyes
  A tarantella (shapeshifter) (Depths:4)
  20 neqoxecs
  51 redbacks
  A redback (shapeshifter) (Vaults:5)
  5 vampire mosquitoes
  An alligator snapping turtle simulacrum (Coc:2)
  32 chaos spawn
  4 steam dragons
  16 harpy simulacra
  17 swamp worms
  5 spatial vortices (Abyss:4)
  A two-headed ogre zombie (Crypt:1)
  2 naga zombies
  A demonspawn zombie (Crypt:1)
  2 glowing shapeshifter zombies
  4 acid dragons
  A hydra simulacrum (IceCv)
  A naga skeleton (Crypt:3)
  Duvessa (D:4)
  4 hell hounds (Lair:5)
  8 water moccasins
  A faun skeleton (Crypt:1)
  21 orc warriors
  10 swamp drakes
  A sky beast (D:7)
  8 ogres
  A cane toad skeleton (Crypt:1)
  5 ice beasts
  45 laughing skulls
  2 black bears
  5 ettin simulacra
  3 centaurs
  A dream sheep skeleton (Crypt:2)
  25 wolves
  4 kobold brigands
  2 phantoms
  9 brain worms
  4 earth elementals
  A gnoll sergeant (D:11)
  2 glowing shapeshifter simulacra
  11 bullfrogs
  A two-headed ogre simulacrum (IceCv)
  9 scorpions
  A yaktaur skeleton (Crypt:1)
  18 small abominations
  6 wights
  A warg skeleton (Crypt:2)
  A burial acolyte (Ossuary)
  Dowan (D:4)
  A swamp dragon simulacrum (Coc:1)
  An elephant simulacrum (IceCv)
  9 killer bees
  An electric eel (D:15)
  12 howler monkeys
  3 bombardier beetles
  5 lava snakes (Lair:5)
  4 jellies
  Crazy Yiuf (D:3)
  2 gnoll boudas
  23 orc priests
  2 hounds
  2 iron imps (Abyss:4)
  2 sleepcaps
  41 starcursed masses (Abyss:4)
  3 iguanas (D:6)
  10 orc wizards
  3 spriggan simulacra
  2 polar bear simulacra (IceCv)
  36 mummies
  A hound skeleton (Crypt:1)
  15 gnolls
  14 adders
  A river rat (D:3)
  3 shadow imps
  A steam dragon skeleton (Crypt:2)
  2 white imps
  2 ufetubi (D:5)
  A lava snake zombie (Crypt:2)
  A ribbon worm (shapeshifter) (D:15)
  17 dart slugs
  4 ribbon worms
  65 orcs
  9 endoplasms
  11 giant cockroaches
  10 hobgoblins
  15 kobolds
  6 quokkas
  13 ball pythons
  2 ball python skeletons (Ossuary)
  9 bats
  13 frilled lizards
  9 goblins
  4 hobgoblin skeletons
  A kobold skeleton (Ossuary)
  3 orc skeletons (Ossuary)
  7 rats
  An aspiring flesh (Zot:2)
  A butterfly (Lair:3)
  A creeping inferno (Geh:7)
  3 fire vortices
  A foxfire (Swamp:3)
  A lurking horror (Abyss:4)
  2 spectral weapons (Depths:1)
  19 starspawn tentacles
  6 tentacles (Hell)
4401 creatures vanquished.

Vanquished Creatures (collateral kills)
  Cerebov (Pan)
  A caustic shrike (Dis:3)
  2 searing wretches (Geh:6)
  An Orb Guardian (Zot:5)
  An eldritch tentacle (Pan)
  A draconian scorcher (Zot:4)
  A cacodemon (Pan)
  A draconian annihilator (Zot:5)
  A war gargoyle (Dis:3)
  A red draconian (Zot:4)
  An iron golem (Dis:2)
  A soul eater (Pan)
  A shining eye (Slime:2)
  A smoke demon (Pan)
  An ice devil (D:12)
  A slime creature (Slime:2)
  A neqoxec (Pan)
  A creeping inferno (Geh:6)
  3 fire vortices
22 creatures vanquished.

Vanquished Creatures (others)
  An ancient lich (Vaults:5)
  A caustic shrike (Dis:3)
  A hellephant (Geh:5)
  An iron giant (Dis:5)
  A titan (Vaults:5)
  2 death cobs
  A tentacled starspawn (Abyss:4)
  2 balrugs
  2 shard shrike simulacra (Coc:7)
  A very ugly thing (Vaults:5)
  A demonspawn black sun (Pan)
  A red draconian (Zot:3)
  A purple draconian (Zot:2)
  2 wendigos
  A lorocyproca (Abyss:4)
  A vault guard (Vaults:5)
  2 ogre magi
  An alligator (Swamp:2)
  An occultist (Depths:3)
  A soul eater (Pan)
  A sun demon (Depths:1)
  A deep elf knight (Elf:2)
  A quicksilver dragon simulacrum (Coc:7)
  A phantasmal warrior (Vaults:5)
  3 titan simulacra
  3 smoke demons
  A hellion (Pan)
  A bunyip simulacrum (Coc:1)
  An iron giant simulacrum (Coc:7)
  4 bloated husks
  A hellwing (Pan)
  4 dire elephant simulacra
  A fire bat (Pan)
  2 neqoxecs
  A redback (shapeshifter) (Vaults:5)
  3 harpy simulacra
  A naga simulacrum (Coc:5)
  An orc wizard (D:8)
  2 orcs
  11 ball lightnings (Pan)
  6 creeping infernos
  2 fire vortices
  41 foxfires
  A lurking horror (Abyss:4)
  21 starspawn tentacles
  7 tentacles (Hell)
147 creatures vanquished.

Grand Total: 4570 creatures vanquished

Notes
Turn   | Place    | Note
-------+----------+-------------------------------------------
     0 | D:1      | gameguard the Demonspawn Fighter began the quest for the
                  | Orb.
     0 | D:1      | Reached XP level 1. HP: 18/18 MP: 1/1
    17 | D:1      | Found Oduvyoz's Armour Boutique.
   117 | D:1      | Found a faded altar of an unknown god.
   134 | D:1      | Gained mutation: You have large cloven feet. [demonic
                  | ancestry]
   134 | D:1      | Reached XP level 2. HP: 22/24 MP: 2/2
   146 | D:1      | Prayed at the altar of an unknown god.
   146 | D:1      | Became a worshipper of Ignis, the Dying Flame
   330 | D:1      | Reached XP level 3. HP: 27/29 MP: 3/3
   616 | D:1      | Bought a +0 cloak for 49 gold pieces
  1101 | D:2      | Found an ornate altar of the Wu Jian Council.
  1462 | D:2      | Gained mutation: You are partially covered in razor-sharp
                  | scales. (AC +1, Slay +1) [demonic ancestry]
  1462 | D:2      | Reached XP level 4. HP: 32/35 MP: 4/4
  1695 | D:3      | Reached XP level 5. HP: 17/42 MP: 5/5
  2083 | D:3      | Found a broken altar of Ashenzari.
  2139 | D:3      | Found a glowing drain.
  2152 | Sewer    | Entered a sewer
  2178 | Sewer    | Reached skill level 4 in Fighting
  2178 | Sewer    | Gained mutation: You have hoof-like feet. [demonic
                  | ancestry]
  2178 | Sewer    | Reached XP level 6. HP: 48/48 MP: 6/6
  2900 | D:3      | Found a runed translucent door.
  2901 | D:3      | Noticed Crazy Yiuf
  3026 | D:3      | Found Kihec's Assorted Antiques.
  3037 | D:3      | Bought a scroll labelled KEROEMN OBOUNA for 28 gold pieces
  3037 | D:3      | Bought an orange potion for 25 gold pieces
  3151 | D:3      | Killed Crazy Yiuf
  3152 | D:3      | Gained mutation: You are mostly covered in razor-sharp
                  | scales. (AC +2, Slay +2) [demonic ancestry]
  3152 | D:3      | Reached XP level 7. HP: 46/55 MP: 2/7
  3520 | D:4      | Noticed Dowan
  3523 | D:4      | Noticed Duvessa
  3539 | D:4      | Killed Dowan
  3568 | D:4      | Found a staircase to the Ecumenical Temple.
  3580 | D:4      | Killed Duvessa
  3581 | D:4      | Reached skill level 5 in Axes
  3585 | Temple   | Entered the Ecumenical Temple
  3807 | D:4      | Found a sand-covered staircase.
  3822 | Ossuary  | Entered an ossuary
  3987 | Ossuary  | Reached skill level 5 in Fighting
  3989 | Ossuary  | Gained mutation: You regenerate magic rapidly. [demonic
                  | ancestry]
  3989 | Ossuary  | Reached XP level 8. HP: 40/62 MP: 6/8
  4642 | D:5      | Entered Level 5 of the Dungeon
  4670 | D:5      | Reached skill level 1 in Evocations
  4675 | D:5      | Reached skill level 5 in Armour
  4819 | Temple   | Fell from the grace of Ignis
  4819 | Temple   | Became a worshipper of Cheibriados the Contemplative
  5051 | D:5      | Reached skill level 5 in Shields
  5064 | D:5      | You fall into a shaft and drop 1 floor!
  5421 | D:6      | Reached * piety under Cheibriados
  5422 | D:6      | Reached skill level 6 in Fighting
  5422 | D:6      | Gained mutation: Your demonic aura sometimes causes spilled
                  | blood to erupt in flames. [demonic ancestry]
  5422 | D:6      | Reached XP level 9. HP: 69/69 MP: 9/9
  5601 | D:5      | Found an iron altar of Okawaru.
  6208 | D:6      | Reached skill level 1 in Dodging
  6716 | D:6      | Learned a level 2 spell: Blink
  6719 | D:6      | Learned a level 2 spell: Lesser Beckoning
  6724 | D:6      | Learned a level 4 spell: Passage of Golubria
  6750 | D:7      | Found Niorath's Neck Hole.
  6802 | D:7      | Found an ancient bone altar of Kikubaaqudgha.
  6811 | D:7      | Reached ** piety under Cheibriados
  6820 | D:7      | Found a blossoming altar of Fedhas.
  6925 | D:7      | Reached skill level 7 in Fighting
  7347 | D:7      | Found a burning altar of Makhleb.
  7350 | D:7      | Identified the +0 falchion "Pugoicli" {flame, rC+ Str+5}
  7583 | D:7      | You are sucked into a shaft and drop 3 floors!
  7583 | D:10     | Entered Level 10 of the Dungeon
  7647 | D:9      | Noticed a two-headed ogre
  7651 | D:9      | Killed a two-headed ogre
  7652 | D:9      | Reached skill level 1 in Invocations
  7652 | D:9      | Gained mutation: Your demonic aura often causes spilled
                  | blood to erupt in flames. [demonic ancestry]
  7652 | D:9      | Reached XP level 10. HP: 79/79 MP: 9/11
  7762 | D:9      | Reached *** piety under Cheibriados
  7763 | D:9      | Reached skill level 5 in Evocations
  7982 | D:9      | Was forgiven by Ignis
  8141 | D:8      | Found a hazy altar of Hepliaklqana.
  8244 | D:7      | Found Vajea's Antique Weapon Shop.
  8388 | D:8      | Found a hide-covered altar of Uskayaw.
  8391 | D:8      | Noticed a death yak
  8402 | D:8      | Found a staircase to the Lair.
  8409 | D:8      | Killed a death yak
  8428 | Lair:1   | Entered Level 1 of the Lair of Beasts
  8433 | Lair:1   | Reached skill level 8 in Fighting
  8595 | D:8      | Reached **** piety under Cheibriados
  8607 | D:8      | Reached skill level 10 in Axes
  8773 | D:8      | Found Omuck's Jewellery Boutique.
  8776 | D:8      | Bought a ring of willpower for 325 gold pieces
  9026 | D:9      | Reached skill level 5 in Invocations
  9029 | D:9      | Found the +11 Singing Sword {sonic wave}
  9240 | D:9      | Noticed Psyche
  9246 | D:9      | Killed Psyche
  9247 | D:9      | Reached XP level 11. HP: 80/86 MP: 14/14
  9352 | D:9      | Found a shimmering altar of Xom.
  9569 | D:9      | Found a staircase to the Orcish Mines.
  9776 | D:10     | Reached skill level 1 in Spellcasting
  9776 | D:10     | Reached skill level 1 in Translocations
  9780 | D:10     | Reached skill level 1 in Long Blades
  9783 | D:10     | Reached ***** piety under Cheibriados
  9978 | D:10     | Found Qonesch's Armour Shoppe.
  9992 | D:10     | Bought a +2 pair of gloves for 165 gold pieces
 10014 | D:10     | Found a sparkling altar of Nemelex Xobeh.
 10325 | D:10     | Identified the +0 ring mail of Wisdom {rC- rCorr Str+7
                  | Int+3}
 10688 | Lair:1   | Identified the +9 whip "Ygraf" {heavy, Int+3}
 11573 | Lair:2   | Reached skill level 9 in Fighting
 11582 | Lair:2   | Reached skill level 5 in Long Blades
 11664 | Lair:2   | Gained mutation: You have hooves in place of feet. [demonic
                  | ancestry]
 11664 | Lair:2   | Reached XP level 12. HP: 91/95 MP: 17/17
 11677 | Lair:2   | Noticed Gastronok
 11687 | Lair:2   | Killed Gastronok
 11690 | Lair:2   | Found a gate leading to a gauntlet.
 11709 | Lair:2   | Identified the +2 ring mail "Umoduovvoel" {Str+4 Dex+4}
 11887 | Lair:2   | Found a staircase to the Swamp.
 12516 | Lair:3   | Reached skill level 10 in Fighting
 12516 | Lair:3   | Reached skill level 5 in Translocations
 12527 | Lair:3   | Noticed a boulder beetle
 12536 | Lair:3   | Killed a boulder beetle
 12536 | Lair:3   | Reached ****** piety under Cheibriados
 12912 | Lair:3   | Found a hole to the Spider Nest.
 12935 | Lair:3   | Gained mutation: Your demonic aura causes all spilled blood
                  | to erupt in flames. [demonic ancestry]
 12935 | Lair:3   | Reached XP level 13. HP: 92/104 MP: 20/20
 13466 | Lair:4   | Reached skill level 10 in Invocations
 13968 | Lair:4   | Found a staircase to the Slime Pits.
 13972 | Lair:4   | Found a viscous altar of Jiyva.
 14122 | Lair:5   | Entered Level 5 of the Lair of Beasts
 14308 | Lair:5   | Reached skill level 11 in Fighting
 14545 | Lair:5   | Noticed a fire dragon
 14594 | Lair:5   | Found a large runed translucent door.
 14731 | Lair:5   | Reached skill level 10 in Long Blades
 14790 | Lair:5   | Found a large runed translucent door.
 15879 | Lair:5   | Killed a fire dragon
 16129 | Orc:1    | Entered Level 1 of the Orcish Mines
 16142 | Orc:1    | Paralysed by an orc sorcerer for 2 turns
 16150 | Orc:1    | Reached XP level 14. HP: 85/114 MP: 22/22
 16687 | Orc:2    | Entered Level 2 of the Orcish Mines
 16717 | Orc:2    | Found a staircase to the Elven Halls.
 16833 | Orc:2    | Found a frozen archway.
 16857 | IceCv    | Entered an ice cave
 17912 | Orc:2    | Noticed Urug
 17919 | Orc:2    | Killed Urug
 17968 | Orc:2    | Noticed Nessos
 17972 | Orc:2    | Killed Nessos
 18151 | Orc:2    | Found Bacoad's Distillery.
 18154 | Orc:2    | Found Uwkinga's General Store.
 18162 | Orc:2    | Reached skill level 12 in Fighting
 18199 | Orc:2    | Bought a potion of invisibility for 128 gold pieces
 18204 | Orc:2    | Bought a potion of heal wounds for 60 gold pieces
 18204 | Orc:2    | Bought a potion of enlightenment for 60 gold pieces
 18227 | Orc:2    | Gained mutation: You are robust. (+10% HP) [a neqoxec]
 18560 | Orc:2    | Found Waupevid's Antique Weapon Shoppe.
 18560 | Orc:2    | Found Ogran's Book Emporium.
 18561 | Orc:2    | Found a one-way gate leading to the halls of Pandemonium.
 19642 | D:11     | Identified the +6 long sword "Homawn" {flame, rF+}
 19646 | D:11     | Found a runed translucent door.
 20401 | D:12     | Noticed Fannar
 20407 | D:12     | Killed Fannar
 20408 | D:12     | Gained mutation: When hurt, damage is shared between your
                  | health and your magic reserves. [demonic ancestry]
 20408 | D:12     | Reached XP level 15. HP: 125/134 MP: 24/24
 21733 | D:13     | Identified the +1 tower shield "Weiceqed" {+Inv rF- Str+3
                  | Slay+2}
 21902 | D:13     | Found Tausolaw's Distillery.
 21914 | D:13     | Identified the +9 flail "Teamo" {pain, rPois rF- rN++
                  | Stlth-}
 22128 | D:13     | Identified the serpent talisman of Jalehu {rC+ Str+3}
 22518 | D:14     | Found Etriax's Jewellery Emporium.
 22522 | D:14     | Found Osebeat's Assorted Antiques.
 22549 | D:14     | Found Gufresuj's Antique Weapon Emporium.
 22653 | D:14     | Found Fiyseu's General Store.
 22662 | D:14     | Bought a potion of heal wounds for 70 gold pieces
 22662 | D:14     | Bought a box of beasts for 560 gold pieces
 22958 | D:14     | Found a gate to the Vaults.
 23060 | D:14     | Found Nedy's Magic Scroll Shoppe.
 23254 | D:15     | Entered Level 15 of the Dungeon
 23512 | D:15     | Reached skill level 13 in Fighting
 23519 | D:15     | Noticed a fire giant
 23520 | D:15     | Found a staircase to the Depths.
 23525 | D:15     | Killed a fire giant
 24199 | D:15     | Found a bloodstained altar of Trog.
 24734 | Swamp:1  | Entered Level 1 of the Swamp
 25057 | Swamp:1  | Noticed a thorn hunter
 25064 | Swamp:1  | Killed a thorn hunter
 25065 | Swamp:1  | Reached XP level 16. HP: 144/144 MP: 22/26
 25710 | Swamp:1  | Identified the +4 sling of Crusades {freeze, Str+2}
 25784 | Swamp:1  | Reached skill level 5 in Dodging
 26496 | Swamp:2  | Noticed Roxanne
 26528 | Swamp:2  | Killed Roxanne
 27086 | Swamp:3  | Reached skill level 15 in Invocations
 27552 | Swamp:4  | Entered Level 4 of the Swamp
 27862 | Swamp:4  | Reached skill level 14 in Fighting
 27876 | Swamp:4  | Noticed a thorn hunter
 27884 | Swamp:4  | Killed a thorn hunter
 27917 | Swamp:4  | Reached skill level 15 in Long Blades
 27954 | Swamp:4  | Noticed a thorn hunter
 28457 | Swamp:4  | Killed a thorn hunter
 28570 | Swamp:4  | Gained mutation: You are completely covered in razor-sharp
                  | scales. (AC +3, Slay +3) [demonic ancestry]
 28570 | Swamp:4  | Reached XP level 17. HP: 81/154 MP: 19/28
 28771 | Swamp:4  | Got a decaying rune of Zot
 29159 | Spider:1 | Entered Level 1 of the Spider Nest
 29201 | Spider:1 | Reached skill level 15 in Fighting
 30367 | Spider:2 | You fall into a shaft and drop 1 floor!
 30484 | Spider:3 | Reached skill level 16 in Fighting
 31789 | Spider:2 | Noticed Nikola
 31795 | Spider:2 | Killed Nikola
 32156 | Spider:4 | Entered Level 4 of the Spider Nest
 33202 | Spider:4 | Reached XP level 18. HP: 117/168 MP: 19/29
 33462 | Spider:4 | Got a gossamer rune of Zot
 33474 | Spider:4 | Identified the +0 pair of gloves "Obrucwou" {rF+ rN++ MP-9
                  | Stlth+}
 33933 | Vaults:1 | Entered Level 1 of the Vaults
 33956 | Vaults:1 | Reached skill level 5 in Spellcasting
 34447 | Vaults:1 | Reached skill level 17 in Fighting
 35953 | Vaults:2 | Identified the serpent talisman "Sempiqupue" {*Slow Fly
                  | Will+++ Stlth+}
 35953 | Vaults:2 | Noticed Aizul
 35962 | Vaults:2 | Killed Aizul
 36364 | Vaults:2 | Gained mutation: Your presence sometimes corrodes those you
                  | injure. [demonic ancestry]
 36364 | Vaults:2 | Reached XP level 19. HP: 152/177 MP: 19/31
 36529 | Vaults:2 | Noticed a bone dragon
 36541 | Vaults:2 | Killed a bone dragon
 36681 | Vaults:2 | Got the Quarto of the End
 36936 | Vaults:2 | Reached skill level 10 in Evocations
 37539 | Vaults:3 | Reached skill level 10 in Armour
 37624 | Vaults:3 | Found a crumbling gateway.
 37644 | Vaults:3 | Reached skill level 10 in Translocations
 37647 | Desolati | Entered the Desolation of Salt
 38152 | Desolati | Identified the +0 scale mail "Yckun" {rN+ Dex+6}
 38192 | Desolati | Identified the +2 robe of Rotini {rElec Will+}
 38192 | Desolati | Identified the ring of the Gazing Scavenger {Fly rC+ Str+2}
 38217 | Desolati | Identified the ring "Yrudd" {rF+ rC+ Dex+2}
 38238 | Desolati | Identified the +3 chain mail of Lust {rC+ Regen+}
 38282 | Desolati | Reached skill level 10 in Shields
 38434 | Desolati | Identified the +4 ring mail "Koegid" {Rampage rC+ Dex+3}
 38450 | Desolati | Reached skill level 18 in Fighting
 38659 | Desolati | Reached XP level 20. HP: 187/187 MP: 23/32
 38800 | Desolati | Got the Octavo of the Scorched Lithosphere
 39080 | Vaults:3 | Found a staircase to the Crypt.
 40977 | Vaults:5 | Entered Level 5 of the Vaults
 41077 | Vaults:5 | Gained mutation: Your presence sometimes corrodes or
                  | deforms those you injure. [demonic ancestry]
 41077 | Vaults:5 | Reached XP level 21. HP: 145/195 MP: 14/33
 41164 | Vaults:5 | Reached skill level 10 in Dodging
 41165 | Vaults:5 | Found Wiutusec's Jewellery Boutique.
 41186 | Vaults:5 | Noticed a dread lich
 41190 | Vaults:5 | Noticed a dread lich
 41588 | Elf:1    | Entered Level 1 of the Elven Halls
 41685 | Elf:1    | Noticed Zenata
 41704 | Elf:1    | Killed Zenata
 42037 | Elf:1    | Found Siopih's Book Emporium.
 42617 | Elf:2    | Found Kesiepsaje's Jewellery Boutique.
 42634 | Elf:2    | Bought the ring "Ophiafe" {rPois rC++ rCorr} for 633 gold
                  | pieces
 42813 | Elf:2    | Found a runed translucent gate.
 42813 | Elf:2    | Found a runed translucent gate.
 42816 | Elf:2    | Found a runed translucent gate.
 42933 | Elf:2    | Reached skill level 19 in Fighting
 43381 | Elf:2    | Reached skill level 10 in Spellcasting
 43780 | Elf:3    | Entered Level 3 of the Elven Halls
 44013 | Elf:3    | Identified the +8 plate armour of Hoguehai {^Drain rPois
                  | rCorr Str-4}
 44029 | Elf:3    | Reached XP level 22. HP: 168/206 MP: 21/36
 44199 | Elf:3    | Identified the +6 great sword "Minne" {protect, rN++ Will+
                  | Dex+2}
 44324 | Elf:3    | Got Vehumet's Exposition on Bombardment
 44331 | Elf:3    | Identified the +4 dagger of Irirchi {heavy, *Rage ^Fragile
                  | Str+4 Dex+5}
 44418 | Elf:3    | Identified the +4 scale mail "Oloptutyc" {Str+2 Int+2
                  | Dex+3}
 44420 | Elf:3    | Got the Tome of Conjuring
 44504 | Elf:3    | Found the +2 Maxwell's thermic engine {flame, freeze, rev}
 44506 | Elf:3    | Identified the staff of Embarrassment {+Blink rPois Earth}
 44531 | Elf:3    | Got Peassij's Elucidation of Fate
 44539 | Elf:3    | Identified the staff "Tiunih" {rC- Int+4 Conj Tloc}
 45182 | Orc:2    | Bought a potion of curing for 48 gold pieces
 45182 | Orc:2    | Bought a potion of cancellation for 128 gold pieces
 45182 | Orc:2    | Bought a potion of curing for 48 gold pieces
 45182 | Orc:2    | Bought a potion of curing for 48 gold pieces
 45182 | Orc:2    | Bought a potion of magic for 128 gold pieces
 45184 | Orc:2    | Bought a book of Party Tricks for 264 gold pieces
 45186 | Orc:2    | Learned a level 1 spell: Apportation
 45429 | Depths:1 | Entered Level 1 of the Depths
 45568 | Depths:1 | Found a gateway to Hell.
 45570 | Depths:1 | Identified the +4 kite shield of Ijobler {Rampage Slay+2}
 45570 | Depths:1 | Noticed Asterion
 45585 | Depths:1 | Killed Asterion
 45871 | Depths:1 | Noticed the Enchantress
 45885 | Depths:1 | Killed the Enchantress
 46050 | Depths:1 | Noticed an ancient lich
 46050 | Depths:1 | Identified the storm talisman "Issocutz" {rN+}
 46050 | Depths:1 | Noticed Sojobo
 46063 | Depths:1 | Killed Sojobo
 46064 | Depths:1 | Found a one-way gateway to a ziggurat.
 46132 | Depths:1 | Upgraded the game from 0.32-a0-859-gb0a091d592 to
                  | 0.32-a0-868-g153ae1a8d6
 46157 | Depths:1 | Killed an ancient lich
 46366 | Depths:1 | Found a broken altar of Ashenzari.
 46658 | Depths:2 | Found a magical portal.
 46664 | WizLab   | Entered The Chambers of the Cloud Mage
 46692 | WizLab   | Paralysed by an air elemental for 1 turns
 46694 | WizLab   | Paralysed by an air elemental for 1 turns
 46764 | WizLab   | Paralysed by an air elemental for 1 turns
 46781 | WizLab   | Paralysed by an air elemental for 1 turns
 46834 | WizLab   | Paralysed by an air elemental for 1 turns
 46871 | WizLab   | Paralysed by an air elemental for 1 turns
 46874 | WizLab   | Paralysed by an air elemental for 1 turns
 46883 | WizLab   | Paralysed by an air elemental for 1 turns
 46888 | WizLab   | Paralysed by an air elemental for 1 turns
 46939 | WizLab   | Paralysed by an air elemental for 1 turns
 46948 | WizLab   | Paralysed by an air elemental for 1 turns
 47057 | WizLab   | Identified the staff "Ovesupn" {rPois rC+ Ice}
 47060 | WizLab   | Got Sif Muna's Lessons on Vapour
 47289 | Depths:2 | Found Plog's Jewellery Shoppe.
 47528 | Depths:2 | Noticed Mara
 47530 | Depths:2 | Noticed gameguard's illusion
 47572 | Depths:2 | Killed Mara
 47684 | Depths:2 | Gained mutation: When low on magic, you restore magic in
                  | place of health. [demonic ancestry]
 47684 | Depths:2 | Reached XP level 23. HP: 206/215 MP: 19/39
 47696 | Depths:2 | Identified the +3 glaive of Precise Incision {vamp,
                  | *Corrode rElec rPois SInv}
 47779 | Depths:2 | Identified the +4 robe "Damnable Contraption" {rF+ Int+4}
 47779 | Depths:2 | Noticed Boris
 47821 | Depths:2 | Killed Boris
 47875 | Depths:2 | Identified the ring of the Sun {Ice rN+ Slay-5 Stlth+}
 47875 | Depths:2 | Noticed Josephina
 47888 | Depths:2 | Killed Josephina
 48059 | Depths:2 | Noticed Grunn
 48064 | Depths:2 | Reached skill level 15 in Shields
 48076 | Depths:2 | Killed Grunn
 48395 | Depths:3 | Reached skill level 1 in Shapeshifting
 48408 | Depths:3 | Noticed a juggernaut
 48421 | Depths:3 | Killed a juggernaut
 48469 | Depths:3 | Noticed a juggernaut
 48477 | Depths:3 | Killed a juggernaut
 48586 | Depths:3 | Reached skill level 20 in Fighting
 48670 | Depths:3 | Found Uciragra's Magic Scroll Emporium.
 48685 | Depths:3 | Bought a scroll of teleportation for 63 gold pieces
 48685 | Depths:3 | Bought a scroll of immolation for 84 gold pieces
 48685 | Depths:3 | Bought a scroll of immolation for 84 gold pieces
 48685 | Depths:3 | Bought a scroll of immolation for 84 gold pieces
 48782 | Depths:3 | Identified the death talisman "Woreniuv" {rC+ Int+3 Slay+5}
 48875 | Depths:3 | Found a one-way gate to the infinite horrors of the Abyss.
 49806 | Depths:4 | Entered Level 4 of the Depths
 50092 | Depths:4 | Found a radiant altar of Vehumet.
 50662 | Depths:4 | Found a gate to the Realm of Zot.
 50692 | Depths:4 | Gained mutation: You can speak a Word of Chaos. [demonic
                  | ancestry]
 50692 | Depths:4 | Reached XP level 24. HP: 224/224 MP: 31/40
 50906 | Depths:2 | Learned a level 4 spell: Vhi's Electric Charge
 51266 | Vaults:5 | Reached skill level 1 in Air Magic
 51433 | Vaults:5 | Noticed an ancient lich
 51439 | Vaults:4 | Killed a dread lich
 51440 | Vaults:4 | Reached skill level 5 in Shapeshifting
 51548 | Vaults:5 | Killed an ancient lich
 51834 | Vaults:5 | Killed a dread lich
 51917 | Vaults:5 | Bought the ring of the Mage {Wiz Archmagi} for 765 gold
                  | pieces
 51917 | Vaults:5 | Found the ring of the Mage {Wiz Archmagi}
 52185 | Vaults:5 | Identified the +1 ring mail "Obbusch" {rC++ Int-4 SInv
                  | Stlth+}
 52210 | Vaults:5 | Identified the staff of Poverty {rElec rCorr Str+4 Air}
 52223 | Vaults:5 | Identified the +0 robe of Aklofeep {Harm Str+2 Int+3}
 52392 | Vaults:5 | Got a silver rune of Zot
 53042 | Slime:1  | Entered Level 1 of the Pits of Slime
 53070 | Slime:2  | Noticed Dissolution
 53076 | Slime:2  | Killed Dissolution
 53157 | Slime:3  | Found a viscous altar of Jiyva.
 53257 | Slime:5  | Entered Level 5 of the Pits of Slime
 53289 | Slime:5  | Gained mutation: You are dopey. (Int -2) [a shining eye]
 53307 | Slime:5  | Noticed the Royal Jelly
 53322 | Slime:5  | Killed the Royal Jelly
 53389 | Slime:5  | Reached skill level 15 in Evocations
 53413 | Slime:5  | Identified the staff "Death Rattle" {rF+ Summ Earth}
 53441 | Slime:5  | Found the +3 pair of gauntlets of War {Slay+5}
 53445 | Slime:5  | Reached XP level 25. HP: 233/233 MP: 31/40
 53454 | Slime:5  | Got a starry gem with 48 turns to spare
 53476 | Slime:5  | Identified the amulet "Apnapronu" {RegenMP+ Str+2}
 53480 | Slime:5  | Got a slimy rune of Zot
 53668 | Slime:5  | Identified the +4 flail of Tumult {elec, Fly Str+2 Int-3}
 53684 | Slime:5  | Identified the +0 chain mail of the Skiapode {+Blink rElec
                  | rC- SInv}
 53800 | Slime:5  | Learned a level 4 spell: Maxwell's Portable Piledriver
 54179 | Crypt:1  | Entered Level 1 of the Crypt
 55208 | Crypt:2  | Identified the +3 morningstar "Ucaq" {freeze, rF++ rC++
                  | Dex-5}
 55719 | Crypt:3  | Entered Level 3 of the Crypt
 55752 | Crypt:3  | Reached skill level 15 in Armour
 55808 | Crypt:3  | Reached skill level 21 in Fighting
 55808 | Crypt:3  | Reached skill level 5 in Air Magic
 55872 | Crypt:3  | Found a staircase to the Tomb.
 55890 | Crypt:3  | Identified the staff of Scorn {rC+ rN+ Necro Air}
 56064 | Crypt:3  | Found a shimmering altar of Xom.
 56065 | Crypt:3  | Noticed an ancient lich
 56076 | Crypt:3  | Killed an ancient lich
 56186 | Crypt:3  | Identified the +8 dagger "Grim" {vamp, rC+ rCorr}
 56187 | Crypt:3  | Identified the ring of Pobrynt {*Slow rPois rN++ Will+++
                  | Str+6}
 56187 | Crypt:3  | Identified the amulet of the Crown {Reflect Fly rF+ Will-
                  | Regen+ SH+5}
 56187 | Crypt:3  | Identified the ring of Gyvuecua {rN++ MP+9 Slay+4}
 56193 | Crypt:3  | Identified the +4 robe of Discretion {Int+6}
 56855 | D:14     | Bought a scroll of teleportation for 42 gold pieces
 56855 | D:14     | Bought a scroll of teleportation for 42 gold pieces
 56855 | D:14     | Bought a scroll of immolation for 56 gold pieces
 56894 | D:14     | Bought a scroll of enchant armour for 247 gold pieces
 56894 | D:14     | Bought a scroll of teleportation for 99 gold pieces
 56924 | D:13     | Bought a potion of mutation for 112 gold pieces
 56924 | D:13     | Bought a potion of might for 56 gold pieces
 56924 | D:13     | Bought a potion of might for 56 gold pieces
 56924 | D:13     | Bought a potion of resistance for 140 gold pieces
 56924 | D:13     | Bought a potion of magic for 112 gold pieces
 56924 | D:13     | Bought a potion of lignification for 42 gold pieces
 56924 | D:13     | Bought a potion of attraction for 42 gold pieces
 57153 | Hell     | Entered the Vestibule of Hell
 57153 | Hell     | Noticed Geryon
 57170 | Hell     | Gained mutation: You occasionally lose the ability to read
                  | scrolls when taking damage. [a cacodemon]
 57178 | Hell     | Killed Geryon
 57268 | Hell     | Gained mutation: Your flesh is heat resistant. (rF+) [a
                  | cacodemon]
 57269 | Hell     | Gained mutation: Your magical capacity is low. (-10% MP) [a
                  | cacodemon]
 57593 | Hell     | Found a gateway to the decaying netherworld of Tartarus.
 57651 | Hell     | Found a gateway to the freezing wastes of Cocytus.
 57667 | Hell     | Reached skill level 10 in Shapeshifting
 57816 | Hell     | Found a gateway to the Iron City of Dis.
 57867 | Hell     | Found a gateway to the ashen valley of Gehenna.
 58043 | Geh:1    | Entered Level 1 of Gehenna
 58050 | Geh:1    | Reached XP level 26. HP: 187/228 MP: 26/36
 58421 | Geh:5    | Noticed an ancient lich
 58647 | Geh:5    | Killed an ancient lich
 59388 | Geh:7    | Entered Level 7 of Gehenna
 59544 | Geh:7    | Noticed the Serpent of Hell
 59558 | Geh:7    | Killed the Serpent of Hell
 59576 | Geh:7    | Reached skill level 15 in Shapeshifting
 60161 | Geh:7    | Got Lehudib's Folio of Blasts and the Fault
 60172 | Geh:7    | Identified the +5 trident of Tumult {drain, rN+ Stlth+}
 60185 | Geh:7    | Identified the +3 longbow of Might {drain, rC+ rN+ MP+9}
 60281 | Geh:7    | Found the +13 sceptre of Asmodeus
 60281 | Geh:7    | Noticed Asmodeus
 60298 | Geh:7    | Killed Asmodeus
 60305 | Geh:7    | Got an obsidian rune of Zot
 60605 | Tar:1    | Entered Level 1 of Tartarus
 60686 | Dis:1    | Entered Level 1 of the Iron City of Dis
 60818 | Dis:2    | Noticed a dread lich
 60828 | Dis:2    | Killed a dread lich
 60829 | Dis:2    | Reached XP level 27. HP: 201/239 MP: 23/36
 61510 | Coc:1    | Entered Level 1 of Cocytus
 61534 | Coc:2    | Noticed a dread lich
 61549 | Coc:2    | Killed a dread lich
 62029 | Zot:1    | Entered Level 1 of the Realm of Zot
 63359 | Zot:2    | Noticed a juggernaut
 63372 | Zot:2    | Killed a juggernaut
 63372 | Zot:2    | a titan changed into a juggernaut
 63372 | Zot:2    | Noticed a juggernaut (glowing shapeshifter)
 63374 | Zot:2    | a juggernaut changed into a caustic shrike
 64064 | Zot:2    | You fall into a shaft and drop 2 floors!
 64411 | Zot:4    | Identified the +1 ring mail "Irphocs Adoo" {rPois rC-
                  | Will++ Stlth+}
 64773 | Zot:3    | Noticed an orb of fire
 64786 | Zot:3    | Killed an orb of fire
 64939 | Zot:3    | Identified the +6 chain mail of Wu Jian's Inspiration
                  | {-Tele MP+9 Slay+2}
 66131 | Zot:2    | Lost mutation: Your magical capacity is low. (-10% MP)
                  | [potion of mutation]
 66131 | Zot:2    | Lost mutation: You are robust. (+10% HP) [potion of
                  | mutation]
 66131 | Zot:2    | Lost mutation: You are dopey. (Int -2) [potion of mutation]
 66132 | Zot:2    | Lost mutation: You occasionally lose the ability to read
                  | scrolls when taking damage. [potion of mutation]
 66132 | Zot:2    | Lost mutation: Your flesh is heat resistant. (rF+) [potion
                  | of mutation]
 66132 | Zot:2    | Gained mutation: You have sharp fingernails. [potion of
                  | mutation]
 66133 | Zot:2    | Lost mutation: You have sharp fingernails. [potion of
                  | mutation]
 66133 | Zot:2    | Gained mutation: Your muscles are strong. (Str +4, Int/Dex
                  | -1) [potion of mutation]
 66133 | Zot:2    | Gained mutation: You are strong-willed. (Will+) [potion of
                  | mutation]
 66134 | Zot:2    | Lost mutation: Your muscles are strong. (Str +4, Int/Dex
                  | -1) [potion of mutation]
 66134 | Zot:2    | Lost mutation: You are strong-willed. (Will+) [potion of
                  | mutation]
 66134 | Zot:2    | Gained mutation: You are vulnerable to heat. (rF-) [potion
                  | of mutation]
 66134 | Zot:2    | Gained mutation: Your spells are a little harder to cast,
                  | but a little more powerful. [potion of mutation]
 66135 | Zot:2    | Lost mutation: Your spells are a little harder to cast, but
                  | a little more powerful. [potion of mutation]
 66135 | Zot:2    | Lost mutation: You are vulnerable to heat. (rF-) [potion of
                  | mutation]
 66135 | Zot:2    | Gained mutation: You have hidden genetic potential. [potion
                  | of mutation]
 66135 | Zot:2    | Gained mutation: You have a pair of small horns on your
                  | head. [potion of mutation]
 66136 | Zot:2    | Lost mutation: You have hidden genetic potential. [potion
                  | of mutation]
 66136 | Zot:2    | Lost mutation: You have a pair of small horns on your head.
                  | [potion of mutation]
 66136 | Zot:2    | Gained mutation: Your body sometimes deteriorates upon
                  | taking damage. [potion of mutation]
 66136 | Zot:2    | Gained mutation: You passively map a small area around you.
                  | [potion of mutation]
 66136 | Zot:2    | Gained mutation: Armour fits poorly on your strangely
                  | shaped body. [potion of mutation]
 66137 | Zot:2    | Lost mutation: Armour fits poorly on your strangely shaped
                  | body. [potion of mutation]
 66137 | Zot:2    | Lost mutation: You passively map a small area around you.
                  | [potion of mutation]
 66137 | Zot:2    | Lost mutation: Your body sometimes deteriorates upon taking
                  | damage. [potion of mutation]
 66137 | Zot:2    | Gained mutation: You are robust. (+10% HP) [potion of
                  | mutation]
 66137 | Zot:2    | Gained mutation: You are agile. (Dex +4, Str/Int -1)
                  | [potion of mutation]
 66137 | Zot:2    | Gained mutation: Your system is resistant to poisons.
                  | (rPois) [potion of mutation]
 66325 | Depths:2 | Bought the ring "Noenag" {rCorr Str+6 Int+3} for 768 gold
                  | pieces
 67009 | Tar:5    | Noticed an ancient lich
 67018 | Tar:5    | Killed an ancient lich
 67052 | Tar:5    | You fall into a shaft and drop 1 floor!
 67375 | Tar:7    | Entered Level 7 of Tartarus
 67539 | Tar:7    | Noticed Ereshkigal
 67542 | Tar:7    | Paralysed by Ereshkigal for 3 turns
 67546 | Tar:7    | Noticed an ancient lich
 67548 | Tar:7    | Noticed an ancient lich
 67983 | Tar:7    | Killed an ancient lich
 68109 | Tar:7    | Noticed an ancient lich
 68119 | Tar:7    | Killed an ancient lich
 68143 | Tar:7    | Noticed a dread lich
 68158 | Tar:7    | Killed a dread lich
 68198 | Tar:7    | Killed an ancient lich
 68329 | Tar:7    | Killed Ereshkigal
 68465 | Tar:7    | Got a bone rune of Zot
 68618 | Coc:1    | Paralysed by a wendigo for 1 turns
 68623 | Coc:1    | Paralysed by a wendigo for 1 turns
 68643 | Coc:1    | Reached skill level 15 in Dodging
 68695 | Coc:4    | Paralysed by a wendigo for 1 turns
 68719 | Coc:4    | Reached skill level 22 in Fighting
 68881 | Coc:7    | Entered Level 7 of Cocytus
 69157 | Coc:7    | Identified the ring "Gubomul" {Ice rElec rPois Str+3 SInv}
 69237 | Coc:7    | Paralysed by a wendigo for 1 turns
 69503 | Coc:7    | Noticed Antaeus
 69520 | Coc:7    | Killed Antaeus
 69549 | Coc:7    | Got an icy rune of Zot
 69594 | Coc:7    | Paralysed by a wendigo for 1 turns
 70002 | Dis:5    | Reached skill level 23 in Fighting
 70204 | Dis:7    | Entered Level 7 of the Iron City of Dis
 70488 | Dis:7    | Noticed an ancient lich
 70489 | Dis:7    | Noticed a dread lich
 70501 | Dis:7    | Killed an ancient lich
 70509 | Dis:7    | Killed a dread lich
 71063 | Dis:7    | Noticed a juggernaut
 71072 | Dis:7    | Killed a juggernaut
 71087 | Dis:7    | Identified the amulet of Duxabrun {Spirit Dex+2 Stlth+}
 71087 | Dis:7    | Noticed Dispater
 71109 | Dis:7    | Killed Dispater
 71122 | Dis:7    | Got the Volume of Incinerated Refrigeration
 71124 | Dis:7    | Got an iron rune of Zot
 71126 | Dis:7    | Identified the +8 halberd of the Crawling Thing {heavy,
                  | rPois rN++ Str-4 SInv}
 71337 | Pan      | Entered Pandemonium
 71397 | Pan      | Noticed Kiut the pandemonium lord
 71420 | Pan      | Killed Kiut the pandemonium lord
 71997 | Pan      | Noticed Giff the pandemonium lord
 72003 | Pan      | Got a demonic rune of Zot
 72009 | Pan      | Killed Giff the pandemonium lord
 72362 | Pan      | Reached skill level 24 in Fighting
 73140 | Pan      | Found an exit through the horrors of the Abyss.
 73168 | Pan      | Found a huge runed translucent gate.
 73169 | Pan      | Found a huge runed translucent gate.
 73170 | Pan      | Found a huge runed translucent gate.
 73204 | Pan      | Found a huge runed translucent gate.
 73204 | Pan      | Found a huge runed translucent gate.
 73204 | Pan      | Found a huge runed translucent gate.
 74645 | Pan      | Identified the +6 flail "Puheqam" {speed, rN+ Will++ Dex+2}
 74668 | Pan      | Noticed Lokk the pandemonium lord
 74903 | Pan      | Noticed Saonk the pandemonium lord
 74919 | Pan      | Killed Saonk the pandemonium lord
 75120 | Pan      | Noticed Zonku the pandemonium lord
 75131 | Pan      | Killed Zonku the pandemonium lord
 75619 | Pan      | Noticed Faed the pandemonium lord
 75637 | Pan      | Killed Faed the pandemonium lord
 75672 | Pan      | Entered the realm of Cerebov.
 75677 | Pan      | Noticed Mennas
 75684 | Pan      | Reached skill level 25 in Fighting
 75702 | Pan      | Found the +6 sword of Cerebov {flame}
 75702 | Pan      | Noticed Cerebov
 76046 | Pan      | Identified the ring "Rasch" {Dex+6 Stlth+}
 76061 | Pan      | Killed Mennas
 76191 | Pan      | Killed Cerebov
 76234 | Pan      | Identified the +1 plate armour of Wuetua {rElec rC+++ Int+4
                  | Stlth-}
 76257 | Pan      | Got a fiery rune of Zot
 76781 | Pan      | Noticed Oxzore Qycu the pandemonium lord
 76807 | Pan      | Killed Oxzore Qycu the pandemonium lord
 76932 | Pan      | Entered the realm of Lom Lobon.
 76932 | Pan      | Noticed Lom Lobon
 76947 | Pan      | Killed Lom Lobon
 76965 | Pan      | Got a magical rune of Zot
 77903 | Pan      | Identified a scroll of acquirement
 77949 | Pan      | Acquired a manual of Invocations
 78011 | Pan      | Noticed Mogra the pandemonium lord
 78024 | Pan      | Killed Mogra the pandemonium lord
 78149 | Pan      | Found an exit through the horrors of the Abyss.
 78266 | Pan      | Entered the realm of Mnoleg.
 78395 | Pan      | Reached skill level 26 in Fighting
 78530 | Pan      | Noticed Mnoleg
 78559 | Pan      | Killed Mnoleg
 78581 | Pan      | Got a glowing rune of Zot
 78786 | Pan      | Entered the realm of Gloorx Vloq.
 78835 | Pan      | Found an exit through the horrors of the Abyss.
 79503 | Pan      | Noticed Gloorx Vloq
 79525 | Pan      | Killed Gloorx Vloq
 79543 | Pan      | Got a dark rune of Zot
 79612 | Pan      | Identified the +1 robe of Ogyn {Rampage rN+ Dex+4}
 79673 | Pan      | Took an exit into the Abyss.
 79673 | Abyss:1  | Escaped into the Abyss
 79868 | Abyss:3  | Found a corrupted altar of Lugonu.
 79990 | Abyss:4  | Found a corrupted altar of Lugonu.
 80563 | Abyss:4  | Paralysed by accursed screaming for 1 turns
 80696 | Abyss:4  | Reached skill level 27 in Fighting
 80889 | Abyss:4  | Found a blossoming altar of Fedhas.
 81037 | Abyss:4  | Found a corrupted altar of Lugonu.
 81104 | Abyss:4  | Got an abyssal rune of Zot
 81206 | Depths:1 | Escaped the Abyss
 81565 | Tomb:1   | Entered Level 1 of the Tomb of the Ancients
 81709 | Tomb:1   | Noticed a royal mummy
 81714 | Tomb:1   | Killed a royal mummy
 81730 | Tomb:1   | Noticed a royal mummy
 81742 | Tomb:1   | Killed a royal mummy
 81745 | Tomb:1   | Noticed a royal mummy
 81750 | Tomb:1   | Killed a royal mummy
 81754 | Tomb:1   | Noticed a royal mummy
 81754 | Tomb:1   | Noticed a royal mummy
 81754 | Tomb:1   | Noticed a royal mummy
 81754 | Tomb:1   | Noticed a royal mummy
 81756 | Tomb:1   | Noticed a royal mummy
 81760 | Tomb:1   | Killed a royal mummy
 81760 | Tomb:1   | Noticed a royal mummy
 81765 | Tomb:1   | Killed a royal mummy
 81769 | Tomb:1   | Killed a royal mummy
 81772 | Tomb:1   | Killed a royal mummy
 81773 | Tomb:1   | Noticed a royal mummy
 81774 | Tomb:1   | Noticed a royal mummy
 81774 | Tomb:1   | Noticed a royal mummy
 81776 | Tomb:1   | Killed a royal mummy
 81781 | Tomb:1   | Killed a royal mummy
 81782 | Tomb:1   | Noticed a royal mummy
 81789 | Tomb:1   | Killed a royal mummy
 81793 | Tomb:1   | Killed a royal mummy
 81797 | Tomb:1   | Killed a royal mummy
 81801 | Tomb:1   | Killed a royal mummy
 81889 | Tomb:1   | Noticed a royal mummy
 81889 | Tomb:1   | Noticed a royal mummy
 81895 | Tomb:1   | Killed a royal mummy
 81899 | Tomb:1   | Killed a royal mummy
 81962 | Tomb:2   | Noticed a royal mummy
 81968 | Tomb:2   | Noticed a royal mummy
 81968 | Tomb:2   | Noticed a royal mummy
 81975 | Tomb:2   | Killed a royal mummy
 81983 | Tomb:2   | Noticed a royal mummy
 81987 | Tomb:2   | Killed a royal mummy
 81989 | Tomb:2   | Noticed a royal mummy
 82000 | Tomb:2   | Killed a royal mummy
 82010 | Tomb:2   | Killed a royal mummy
 82014 | Tomb:2   | Killed a royal mummy
 82303 | Tomb:3   | Entered Level 3 of the Tomb of the Ancients
 82303 | Tomb:3   | Identified the +3 robe "Ywyk" {rC++ Slay-6 Archmagi}
 82303 | Tomb:3   | Noticed Boris
 82309 | Tomb:3   | Noticed a royal mummy
 82311 | Tomb:3   | Noticed a royal mummy
 82319 | Tomb:3   | Killed Boris
 82323 | Tomb:3   | Killed a royal mummy
 82330 | Tomb:3   | Noticed a royal mummy
 82331 | Tomb:3   | Killed a royal mummy
 82336 | Tomb:3   | Noticed a royal mummy
 82339 | Tomb:3   | Killed a royal mummy
 82345 | Tomb:3   | Killed a royal mummy
 82346 | Tomb:3   | Noticed a royal mummy
 82347 | Tomb:3   | Noticed a royal mummy
 82353 | Tomb:3   | Killed a royal mummy
 82354 | Tomb:3   | Killed a royal mummy
 82358 | Tomb:3   | Noticed a royal mummy
 82359 | Tomb:3   | Noticed a royal mummy
 82364 | Tomb:3   | Noticed a royal mummy
 82366 | Tomb:3   | Killed a royal mummy
 82371 | Tomb:3   | Killed a royal mummy
 82376 | Tomb:3   | Killed a royal mummy
 82457 | Tomb:3   | Found the +1 cloak of Starlight {*Dazzle EV+4 Stlth--}
 82470 | Tomb:3   | Identified the amulet "Muetzyotty" {Faith Regen+ Int+3
                  | SInv}
 82531 | Tomb:3   | Identified the +1 robe of Vanity {Int+7}
 82532 | Tomb:3   | Identified the ring of Wiefiff {rPois Will+ Slay+2}
 82626 | Tomb:3   | Identified the +8 halberd of the Hurling Gods {elec, rN+
                  | Dex+3}
 82852 | Tomb:3   | Got a golden rune of Zot
 83481 | Zot:5    | Entered Level 5 of the Realm of Zot
 83624 | Zot:5    | Noticed an orb of fire
 83644 | Zot:5    | Killed an orb of fire
 83648 | Zot:5    | Noticed an orb of fire
 83655 | Zot:5    | Killed an orb of fire
 83658 | Zot:5    | Noticed an orb of fire
 83667 | Zot:5    | Killed an orb of fire
 83667 | Zot:5    | Noticed an orb of fire
 83673 | Zot:5    | Killed an orb of fire
 83674 | Zot:5    | Noticed an orb of fire
 83685 | Zot:5    | Killed an orb of fire
 83688 | Zot:5    | Noticed an orb of fire
 83693 | Zot:5    | Killed an orb of fire
 83876 | Zot:5    | Noticed an orb of fire
 83877 | Zot:5    | Noticed a dread lich
 83888 | Zot:5    | Killed an orb of fire
 83891 | Zot:5    | Killed a dread lich
 84031 | Zot:5    | Noticed an ancient lich
 84043 | Zot:5    | Killed an ancient lich
 84141 | Zot:5    | Noticed an orb of fire
 84153 | Zot:5    | Killed an orb of fire
 84244 | Zot:5    | Got the Orb of Zot
 84266 | Zot:4    | Noticed Zifuve the pandemonium lord
 84274 | Zot:4    | Killed Zifuve the pandemonium lord
 84631 | D:12     | Noticed Woeddiag the pandemonium lord
 84651 | D:12     | Killed Woeddiag the pandemonium lord
 84933 | D:$      | Escaped with the Orb!

Illustrated notes

Levels and vault maps discovered:
D:1:      sevenhm_arrival_forest_fort_small_3, layout_rooms, serial_shops, shop,
          chequers_ecumenical_altar_simple, st_stairs_2, minmay_small_reverse_x
D:2:      layout_basic, basic_altar
D:3:      layout_basic, mainiacjoe_overflow_paths, portal_sewer_entry_b,
          serial_corexii_hall, chequers_hall_statues_corner_a,
          chequers_hall_statues_corner_a, corexii_hall_statues_x,
          corexii_hall_statues_deadend, corexii_hall_statues_u,
          corexii_hall_statues_l, serial_shops, shop, uniq_crazy_yiuf_cottage
D:4:      layout_loops_corners, minmay_temple_entry_grid, enter_ossuary_3,
          serial_bayou_crossing, uniq_duvessa
D:5:      layout_basic, kennysheep_mini
D:6:      layout_basic, minmay_misc_feat_room, kennysheep_generic_room_7
D:7:      layout_loops_ring, overflow_temple_1_default, fedhas_altar_1,
          nicolae_overflow_crystal_walls, mainiacjoe_overflow_alcove_1,
          serial_shops, shop, grunt_decor_cap, nicolae_shop_sticking_my_neck_out
D:8:      layout_rooms, lemuel_round_altar,
          mainiacjoe_overflow_concentric_impassable, dpeg_lair_monsters,
          serial_shops, kennysheep_mini_moat
D:9:      old_forge, layout_loops_cross, old_standard_altar, erik_orc_1,
          uniq_psyche
D:10:     layout_basic, old_standard_altar, serial_shops, shop,
          minmay_splitting_lines
D:11:     minmay_the_grid_four_pointed_star
          [minmay_the_grid_triangle_9x9_subtriangle,
          minmay_the_grid_triangle_9x9_stretched_checkered,
          minmay_the_grid_triangle_9x9_shrine,
          minmay_the_grid_triangle_9x9_limited_checkers,
          minmay_the_grid_prize_trominoes], layout_cave_pods
D:12:     layout_gridville, uniq_fannar
D:13:     layout_basic, serial_shops, shop, minmay_pinched_square
D:14:     layout_rooms, david_vaults_1, minmay_misc_feat_ornament, serial_shops,
          shop, shop, shop, nicolae_diamond_shop, nicolae_shop_stone,
          minmay_fountain_box
D:15:     grunt_enter_depths_giant_problem, layout_stronghold,
          trog_three_pillars_becter, nicolae_elyvilon_temple_path
Temple:   nicolae_temple_bog_church
Lair:1:   layout_loops_ring, st_stairs_4
Lair:2:   layout_regular_city, mainiacjoe_swamp_entry_angry_trees,
          gauntlet_entry_generic, uniq_gastronok
Lair:3:   layout_hall_layers, nicolae_spider_entry_lesser_pyramids,
          lemuel_fruit_fields
Lair:4:   layout_hall_layers, slime_entry_1, nicolae_lair_run_with_the_wolves
Lair:5:   cheibrodos_lair_end_hotspot, layout_regular_city
Swamp:1:  layout_falls_marsh, serial_swamp_ruin, evilmike_swamp_ruin_house_6,
          evilmike_swamp_ruin_house_3, evilmike_swamp_ruin_house_5,
          nicolae_swamp_no_escape
Swamp:2:  layout_basic_swamp, nicolae_swamp_well_well_well, uniq_roxanne
Swamp:3:  layout_falls_marsh, evilmike_swamp_ruin_house_4
Swamp:4:  swamp, layout_basic_swamp
Spider:1: layout_spider_delve
Spider:2: layout_cave_pods, uniq_nikola
Spider:3: layout_spider_delve
Spider:4: hellmonk_spider_rune_bug_friends
Slime:1:  layout_caves
Slime:2:  layout_caves, uniq_dissolution
Slime:3:  layout_caves, basic_altar
Slime:4:  layout_caves, nicolae_slime_welcoming_committee
Slime:5:  slime_pit_nicolae_block_by_block
Orc:1:    layout_caves, nicolae_orc_rockfall, nicolae_orc_hostile_takeover
Orc:2:    pf_orc_diabolical, layout_caves, portal_ice_cave_demonic_guard,
          uniq_nessos, uniq_urug
Elf:1:    minmay_elf_arrival_circle, layout_gridlike, serial_shops,
          nicolae_square_shop, hangedman_elven_crosses_minicolossus,
          hangedman_elven_pyramids, einodemon_crawler_minivault, uniq_zenata
Elf:2:    nicolae_elf_blades_splatter_lattice
          [nicolae_blade_entry_floor_patterns], layout_geoelf_diagonals,
          serial_aquarium, aquarium_bridge_island_small
          [aquarium_subvault_small_open, aquarium_subvault_wall,
          aquarium_subvault_bridge, aquarium_subvault_balcony,
          aquarium_subvault_bridge], aquarium_bridge_straight
          [aquarium_subvault_bridge, aquarium_subvault_wall,
          aquarium_subvault_bridge, aquarium_subvault_window],
          aquarium_window_corner, aquarium_window_1, aquarium_window_fake,
          aquarium_view_2b, aquarium_view_4, aquarium_pool_1, serial_shops,
          nicolae_shop_tiny_glass
Elf:3:    minmay_elf_hall_spiked, layout_geoelf_grid
Vaults:1: hangedman_vaults_river_flow, hangedman_vaults_restitches, v_misc_16,
          nicolae_vaults_angled_halls, nicolae_vaults_house_3,
          nicolae_vaults_back_hallway, v_misc_4, v_misc_31, grunt_vaults_twisty,
          v_misc_25, layout_vaults_ring
Vaults:2: nicolae_vaults_weapon_check, vaults_room_grunt_arrival_checkpoint,
          v_misc_19, vaults_mumra_lcd, nicolae_vaults_sesquioval_fish,
          v_alt_pattern_5, grunt_vaults_diagonal,
          nicolae_vaults_security_offices_1, layout_vaults_quadrants,
          serial_magic_research, hangedman_research_thanatology, uniq_aizul
Vaults:3: portal_desolation_entry_nicolae_nacl, nicolae_vaults_network_square,
          vaults_dpeg_encased_lava, hangedman_vaults_snaps,
          nicolae_vaults_layer_cake_slice, nicolae_vaults_security_offices_5,
          ontoclasm_vaults_eye, v_misc_5, vaults_mumra_minichess_inversion,
          v_rooms_4, hangedman_vaults_corner_blocks,
          minmay_crypt_entry_simple_sparse, nicolae_vaults_house_1,
          nicolae_vaults_trapezoid_lopsided_4, layout_vaults_omnicross
Vaults:4: ontoclasm_vaults_chip, nicolae_vaults_tetromino_T_2,
          grunt_vaults_focal, nicolae_vaults_door_testing_chamber,
          nicolae_vaults_variable_pillar_hall, vaults_room_door_ring,
          nicolae_vaults_diffraction_hallways, v_misc_1,
          nicolae_vaults_circle_grid_b, hangedman_vaults_nails,
          ontoclasm_vaults_chip, vaults_room_corners, layout_vaults_maze_bifur
Vaults:5
Crypt:1:  layout_chaotic_city, grunt_crypt_arrival_split
Crypt:2:  layout_misc_corridors
Crypt:3:  cryptofortress_bobbens
Tomb:1
Tomb:2
Tomb:3
Depths:1: layout_honeycomb, enter_ziggurat_d, hellmouth_3,
          rand_demon_pan_entry_5, nicolae_ashenzari_panopticon,
          uniq_enchantress, uniq_asterion, uniq_sojobo
Depths:2: minmay_eyes, layout_twisted_cross, chequers_serial_rivers_large_a,
          mu_enter_wizlab_2, pan_entry, hell_entry, serial_shops, shop,
          uniq_boris, uniq_mara, uniq_grunn, uniq_josephina
Depths:3: cheibrodos_spurs, layout_basic,
          regret_index_abyss_entry_earlier_magic, serial_shops, shop,
          hell_entry, minmay_crystal_room, minivault_15
Depths:4: grunt_zot_entry_tricorne, layout_gridlike, minmay_misc_feat_rows,
          hell_entry, nicolae_vehumet_radiance, serial_bayou_shore_b,
          serial_bayou_shore_b
Hell
Dis:1:    layout_overlapping_boxes, nicolae_dis_scattering
Dis:2:    layout_subdivisions
Dis:3:    layout_jigsaw
Dis:4:    layout_subdivisions
Dis:5:    nicolae_dis_heavy_handed_symbolism
Dis:6:    layout_jigsaw, nrook_loot_triangle
Dis:7:    dis_st
Geh:1:    layout_gehenna_lava_caves
Geh:2:    layout_gehenna_lava_caves
Geh:3:    layout_gehenna_pools_triple, nicolae_geh_lavax
Geh:4:    layout_gehenna_pools_basic, lemuel_flamethrower_2
Geh:5:    nicolae_geh_lava_swirls, layout_gehenna_pools_basic
Geh:6:    layout_gehenna_lava_caves, nicolae_geh_gnashing_of_teeth
Geh:7:    geh_old
Coc:1:    nicolae_coc_icebeans_plural [nicolae_sub_coc_subbean,
          nicolae_sub_coc_subbean, nicolae_sub_coc_subbean,
          nicolae_sub_coc_subbean], layout_cocytus_water_paths
Coc:2:    layout_ice_bergs
Coc:3:    layout_cocytus_water_paths
Coc:4:    layout_ice_bergs
Coc:5:    layout_ice_bergs
Coc:6:    layout_cocytus_water_paths
Coc:7:    coc_mu
Tar:1:    layout_cathedral_of_symmetry
Tar:2:    layout_grid_maze
Tar:3:    layout_honeycomb
Tar:4:    layout_cathedral_of_symmetry
Tar:5:    layout_cathedral_of_symmetry
Tar:6:    layout_grid_maze
Tar:7:    tar_grunt_cathedral
Zot:1:    layout_basic, st_small_dragon_hoard_5, hangedman_zot_decor_tridents,
          grunt_megastairs_2
Zot:2:    layout_cellular_growth, hellmonk_formless_pools
Zot:3:    lemuel_firehouse, layout_onion, st_stairs_5
Zot:4:    layout_basic
Zot:5:    layout_misc_corridors

Skill      XL: |  1  2  3  4  5  6  7  8  9 10 11 12 13 14 15 16 17 18 19 20 21 22 23 24 25 26 27 |
---------------+----------------------------------------------------------------------------------+-----
Axes           | 2 3 4 5 7 8 10 | 10.1
Armour         | 3 4 5 6 7 8 9 10 11 12 13 14 15 24 | 24.8
Shields        | 3 4 5 7 10 12 13 14 15 16 25 | 25.4
Fighting       | 4 5 6 7 8 9 10 11 12 13 14 16 17 18 19 20 21 27 | 27.0
Evocations     | 2 4 6 8 9 10 11 13 15 16 | 16.0
Dodging        | 1 2 4 5 7 8 9 10 11 12 13 24 | 24.1
Invocations    | 1 5 7 9 11 13 14 15 16 | 16.0
Spellcasting   | 3 4 5 8 10 12 13 | 13.5
Translocations | 3 5 6 7 8 9 10 11 | 11.0
Long Blades    | 5 8 10 12 13 15 16 | 16.0
Shapeshifting  | 4 7 10 16 23 | 23.0
Air Magic      | 4 6 |  6.0

Action                     |  1- 3 |  4- 6 |  7- 9 | 10-12 | 13-15 | 16-18 | 19-21 | 22-24 | 25-27 || total
---------------------------+-------+-------+-------+-------+-------+-------+-------+-------+-------++-------
  Melee: War axe           |    95 |   132 |   288 |   106 |       |       |       |       |       ||   621
         Kick              |    11 |    21 |   102 |   107 |   254 |   395 |   383 |   543 |  3480 ||  5296
         Battleaxe         |       |       |       |   118 |       |       |       |       |       ||   118
         Double sword      |       |       |       |    70 |   618 |   881 |   825 |  1119 |  6053 ||  9566
         Whip              |       |       |       |       |    14 |       |       |       |       ||    14
         Long sword        |       |       |       |       |     5 |    53 |       |       |       ||    58
  Throw: Dart              |       |       |     1 |     1 |     1 |     1 |     4 |     3 |     3 ||    14
   Cast: Lesser Beckoning  |       |       |       |     3 |    34 |    51 |    35 |    72 |   257 ||   452
         Blink             |       |       |       |       |       |     1 |       |     6 |    11 ||    18
         Passage of Golubr |       |       |       |       |       |       |     3 |     1 |    13 ||    17
         Vhi's Electric Ch |       |       |       |       |       |       |       |     1 |    40 ||    41
         Maxwell's Portabl |       |       |       |       |       |       |       |       |     4 ||     4
         Apportation       |       |       |       |       |       |       |       |       |    10 ||    10
 Invoke: Fiery Armour      |     1 |     3 |     3 |       |       |       |       |       |       ||     7
         Foxfire Swarm     |       |     2 |       |       |       |       |       |       |       ||     2
         Bend Time         |       |       |       |     2 |     1 |     4 |     2 |       |     2 ||    11
         Slouch            |       |       |       |     1 |     9 |    12 |    15 |    13 |     3 ||    53
         Step From Time    |       |       |       |       |     1 |       |     2 |       |       ||     3
         Temporal Distorti |       |       |       |       |       |     2 |     5 |     4 |     1 ||    12
Ability: Word of Chaos     |       |       |       |       |       |       |       |       |     3 ||     3
         Evoke Invisibilit |       |       |       |       |       |       |       |       |    14 ||    14
         Siphon Essence    |       |       |       |       |       |       |       |       |     1 ||     1
         Begin Untransform |       |       |       |       |       |       |       |       |     1 ||     1
  Evoke: Wand              |       |       |     5 |       |     5 |     7 |    15 |    14 |    48 ||    94
         Box of beasts     |       |       |       |       |       |     1 |       |     1 |     5 ||     7
         Gell's gravitambo |       |       |       |       |       |       |     2 |     1 |     4 ||     7
         Lightning rod     |       |       |       |       |       |       |       |     4 |     3 ||     7
         Phantom mirror    |       |       |       |       |       |       |       |     1 |     5 ||     6
         Horn of Geryon    |       |       |       |       |       |       |       |       |     8 ||     8
    Use: Scroll            |       |     4 |     8 |     5 |     7 |     5 |     6 |    10 |    41 ||    86
         Potion            |       |       |     7 |     3 |     1 |     6 |    12 |       |    34 ||    63
   Stab: Held in net/web   |       |       |       |     2 |       |       |       |       |       ||     2
         Sleeping          |       |       |       |     2 |     3 |       |       |       |       ||     5
         Distracted        |       |       |       |     1 |     1 |       |       |       |    14 ||    16
         Invisible         |       |       |       |       |       |       |       |     3 |    53 ||    56
         Confused          |       |       |       |       |       |       |       |       |     1 ||     1
 Armour: Scale mail        |    75 |   119 |    47 |       |       |       |       |       |       ||   241
         Chain mail        |       |       |   169 |    73 |    46 |       |   295 |   374 |       ||   957
         Steam dragon scal |       |       |       |    39 |       |       |       |       |       ||    39
         Acid dragon scale |       |       |       |    81 |   138 |       |       |       |       ||   219
         Plate armour      |       |       |       |       |   107 |   174 |   133 |       |       ||   414
         Swamp dragon scal |       |       |       |       |       |   358 |       |       |       ||   358
         Storm dragon scal |       |       |       |       |       |       |       |   237 |  2358 ||  2595
  Dodge: Dodged            |    37 |   116 |   207 |   375 |   673 |  1003 |   637 |   835 |  4732 ||  8615
         Repelled          |       |       |       |       |       |       |       |    23 |   186 ||   209
  Block: Buckler           |    34 |    54 |    70 |    70 |   234 |   322 |       |       |       ||   784
         Kite shield       |       |       |       |       |       |    50 |   705 |  1016 |  6158 ||  7929
   Form: Death             |       |       |       |       |       |       |       |       |     2 ||     2

Table legend: (Time is in decaauts)
 A = Elapsed time spent in this place.
 B = Non-inter-level travel time spent in this place.
 C = Inter-level travel time spent in this place.
 D = Time resting spent in this place.
 E = Time spent auto-exploring this place.
 F = Levels seen in this place.
 G = Mean time per level.
                   A        B        C        D        E       F      G
               +--------+--------+--------+--------+--------+-----+--------+
         Total | 132584 | 116957 |  15627 |   5051 |  76346 | 122 | 1086.8 |
       Dungeon |  25454 |  20357 |   5097 |    404 |  16226 |  15 | 1696.9 |
        Temple |     56 |      6 |     50 |      0 |      0 |   1 |   56.0 |
          Lair |  10190 |   8755 |   1435 |    303 |   6908 |   5 | 2038.0 |
         Swamp |   6582 |   6333 |    249 |    259 |   5049 |   4 | 1645.5 |
   Spider Nest |   6783 |   6589 |    194 |    221 |   5465 |   4 | 1695.8 |
    Slime Pits |   1298 |   1101 |    197 |     48 |    247 |   5 |  259.6 |
  Orcish Mines |   3565 |   3267 |    298 |     19 |   2565 |   2 | 1782.5 |
   Elven Halls |   6069 |   5476 |    593 |     60 |   4268 |   3 | 2023.0 |
        Vaults |  13288 |  11117 |   2171 |    297 |   8766 |   5 | 2657.6 |
         Crypt |   4731 |   4124 |    607 |      0 |   3262 |   3 | 1577.0 |
          Tomb |   2252 |   2060 |    192 |    104 |   1107 |   3 |  750.7 |
        Depths |   9957 |   8022 |   1935 |    235 |   5849 |   4 | 2489.2 |
          Hell |   2736 |   2294 |    442 |    520 |    529 |   1 | 2736.0 |
           Dis |   2280 |   2020 |    260 |    599 |     24 |   7 |  325.7 |
       Gehenna |   3266 |   2784 |    482 |    381 |    351 |   7 |  466.6 |
       Cocytus |   1962 |   1745 |    217 |     97 |      4 |   7 |  280.3 |
      Tartarus |   3137 |   2727 |    410 |     49 |   1069 |   7 |  448.1 |
           Zot |   8534 |   7745 |    789 |    413 |   5736 |   5 | 1706.8 |
         Abyss |   2466 |   2466 |      0 |      0 |    727 |   5 |  493.2 |
   Pandemonium |  13100 |  13100 |      0 |    701 |   5580 |  24 |  545.8 |
         Sewer |    619 |    619 |      0 |      0 |    302 |   1 |  619.0 |
       Ossuary |    371 |    371 |      0 |      0 |    242 |   1 |  371.0 |
      Ice Cave |   1054 |   1054 |      0 |    141 |    600 |   1 | 1054.0 |
        Wizlab |    760 |    760 |      0 |     16 |    378 |   1 |  760.0 |
    Desolation |   2062 |   2062 |      0 |    182 |   1087 |   1 | 2062.0 |
               +--------+--------+--------+--------+--------+-----+--------+

Top non-repeatable levels by time:
Vaults:2: 4312 daAuts
Depths:2: 3282 daAuts
  Lair:5: 2884 daAuts
     D:9: 2864 daAuts
    D:15: 2770 daAuts
    Hell: 2736 daAuts
Depths:3: 2654 daAuts
   Orc:2: 2578 daAuts
    D:11: 2534 daAuts
Vaults:1: 2530 daAuts
Vaults:4: 2429 daAuts
    D:13: 2332 daAuts
Vaults:3: 2267 daAuts
   Zot:1: 2237 daAuts
  Lair:2: 2191 daAuts
